 Dungeon Crawl Stone Soup version 0.31.0-32-g396128a36d (webtiles) character file.

Game seed: 13968509354937269528

105 PaiMei the Grave Robber (level 4, -1/32 HPs)
             Began as a Demonspawn Necromancer on Apr 23, 2024.
             Slain by an iguana (10 damage)
             ... on level 3 of the Dungeon.
             The game lasted 00:03:20 (1798 turns).

PaiMei the Grave Robber (Demonspawn Necromancer)    Turns: 1798, Time: 00:03:21

Health: -1/32      AC:  3    Str:  9    XL:     4   Next: 53%
Magic:  2/8        EV: 12    Int: 19    God:
Gold:   118        SH:  0    Dex: 13    Spells: 4/8 levels left

rFire   . . .        e - +0 dagger (venom)
rCold   . . .        (no shield)
rNeg    . . .        a - +0 robe
rPois   .            f - +1 hat
rElec   .            (no cloak)
rCorr   .            (no gloves)
SInv    .            (no boots)
Will    .....        (no amulet)
Stlth   ++           (no ring)
HPRegen 0.25/turn    (no ring)
MPRegen 0.22/turn

%: no passive effects
@: no status effects
A: horns 1, magic regeneration, big brain 1
a: no special abilities


You were on level 3 of the Dungeon.
You visited 1 branch of the dungeon, and saw 3 of its levels.

You collected 118 gold pieces.

Inventory:

Hand Weapons
 e - a +0 dagger of venom (weapon)
Missiles
 g - a throwing net
Armour
 a - a +0 robe (worn)
 f - a +1 hat (worn)
Scrolls
 d - a scroll of identify {unknown}
 h - a scroll of revelation {unknown}
 i - a scroll of teleportation {unknown}
Potions
 b - 2 potions of magic
 c - 2 potions of curing {unknown}


   Skills:
 + Level 1.3 Fighting
 + Level 2.5 Dodging
 - Level 2.2 Stealth
 + Level 2.8 Spellcasting
 + Level 5.0 Necromancy


You had 4 spell levels left.
You knew the following spells:

 Your Spells              Type           Power      Damage    Failure   Level
a - Necrotise             Necr           88%        1d8       1%          1
b - Vampiric Draining     Necr           22%        2d7       6%          3

Your spell library contained the following spells:

 Spells                   Type           Power      Damage    Failure   Level
 Freeze                   Ice            8%         1d3       16%         1
 Animate Dead             Necr           22%        N/A       19%         4
 Blink                    Tloc           4%         N/A       24%         2
 Lesser Beckoning         Tloc           4%         N/A       24%         2
 Momentum Strike          Conj/Tloc      4%         3d8       24%         2
 Frozen Ramparts          Ice            4%         1d1       43%         3
 Gell's Gravitas          Tloc           2%         N/A       43%         3
 Hailstorm                Conj/Ice       2%         3d5       43%         3
 Teleport Other           Tloc           2%         N/A       43%         3
 Curse of Agony           Necr           22%        N/A       47%         5


Dungeon Overview and Level Annotations

Branches:
Dungeon (3/15)

Altars:
Hepliaklqana

Annotations:
D:2 Sigmund


Innate Abilities, Weirdness & Mutations

You have a pair of small horns on your head.
You regenerate magic rapidly.
You have an unusually large brain. (Int +2)


Message History

The hobgoblin is heavily wounded.
The hobgoblin hits you. Something hits your adder skeleton.
Your adder skeleton is destroyed!
You hit the hobgoblin.
The hobgoblin looks as sick as possible!
The hobgoblin is severely wounded.
The hobgoblin barely misses you.
You barely miss the hobgoblin. You headbutt the hobgoblin.
You kill the hobgoblin!
You hit the endoplasm but do no damage. Your headbutt misses the endoplasm.
The endoplasm is moderately wounded.
The endoplasm freezes you.
You are frozen.
* * * LOW HITPOINT WARNING * * *
Casting: Necrotise (safe; 1% risk of failure)
Confirm with . or Enter, or press ? or * to list all spells.
Aiming: Necrotise (safe; 1% risk of failure)
Press: ? - help, Shift-Dir - straight line, f/p - endoplasm
Aim: an endoplasm (moderately wounded, chance to affect: 90%)
The endoplasm writhes in agony!
You kill the endoplasm!
You hit the hobgoblin.
The hobgoblin is severely wounded.
The hobgoblin hits you but does no damage.
Casting: Necrotise (safe; 1% risk of failure)
Confirm with . or Enter, or press ? or * to list all spells.
Aiming: Necrotise (safe; 1% risk of failure)
Press: ? - help, Shift-Dir - straight line, f - hobgoblin
Aim: a hobgoblin (severely wounded, chance to affect: 90%)
The hobgoblin writhes in agony!
You kill the hobgoblin!
The dead are walking!
You closely miss the iguana. The iguana barely misses you.
Casting: Necrotise (safe; 1% risk of failure)
Confirm with . or Enter, or press ? or * to list all spells.
Aiming: Necrotise (safe; 1% risk of failure)
Press: ? - help, Shift-Dir - straight line, f - iguana
Aim: an iguana (ally target, chance to affect: 86%)
The iguana writhes in agony.
The iguana bites you!
You die...

####. .................. #...
##.........(.†.....
#####.###...#....g..........
#...................[.......
#...........................
#.<........###......?.......
#..........# ###......##....
#..####...#######.......###..
#.## #..#..# #Z@l.....#..# .
#.. ##..)⌠.# #.###...###.#
#.# ##...#..###)......# .# #.
#..#.........####.# #
#.###.####...##### .#
......####..## ..
.####....#..# ## #......>#
#.....###


You could see an iguana (ally target) and a friendly hobgoblin skeleton.

Vanquished Creatures
  2 adders
  A dart slug (D:1)
  5 endoplasms
  A giant cockroach (D:2)
  3 goblins
  4 hobgoblins
  2 jackals (D:2)
  6 kobolds
  6 quokkas
  6 ball pythons
  4 bats
  2 frilled lizards
  2 rats (D:1)
44 creatures vanquished.

Vanquished Creatures (collateral kills)
  A hound (D:3)
  2 hobgoblins (D:1)
  2 ball pythons
  A kobold (D:2)
  2 rats
8 creatures vanquished.

Grand Total: 52 creatures vanquished

Notes
Turn   | Place    | Note
-------+----------+-------------------------------------------
     0 | D:1      | PaiMei the Demonspawn Necromancer began the quest for the
                  | Orb.
     0 | D:1      | Reached XP level 1. HP: 13/13 MP: 3/3
   230 | D:1      | Gained mutation: You regenerate magic rapidly. [demonic
                  | ancestry]
   230 | D:1      | Reached XP level 2. HP: 19/19 MP: 3/5
   932 | D:2      | Gained mutation: You have an unusually large brain. (Int
                  | +2) [demonic ancestry]
   932 | D:2      | Reached XP level 3. HP: 24/24 MP: 3/6
   936 | D:2      | Learned a level 3 spell: Vampiric Draining
  1195 | D:2      | Noticed Sigmund
  1448 | D:2      | Found a hazy altar of Hepliaklqana.
  1769 | D:3      | Gained mutation: You have a pair of small horns on your
                  | head. [demonic ancestry]
  1769 | D:3      | Reached XP level 4. HP: 31/31 MP: 4/7
  1775 | D:3      | Reached skill level 1 in Fighting
  1775 | D:3      | Reached skill level 5 in Necromancy
  1798 | D:3      | Slain by an iguana

Illustrated notes

Levels and vault maps discovered:
D:1:      dpeg_arrival_signposts, layout_loops_ring
D:2:      layout_loops_cross, basic_altar, minmay_misc_feat_nine_boxes,
          uniq_sigmund
D:3:      layout_rooms, mainiacjoe_overflow_surrounded_room,
          hangedman_feature_mirror

Skill      XL: |  1  2  3  4 |
---------------+-------------+-----
Stealth        | 2 |  2.2
Dodging        | 2 |  2.5
Fighting       | 1 |  1.3
Necromancy     | 5 |  5.0
Spellcasting   | |  2.8

Action                     |  1- 3 |  4- 6 || total
---------------------------+-------+-------++-------
  Melee: Unarmed           |     6 |       ||     6
         Dagger            |     2 |    11 ||    13
         Headbutt          |       |     2 ||     2
   Cast: Necrotise         |    68 |     8 ||    76
 Armour: Robe              |    11 |    13 ||    24
  Dodge: Dodged            |    13 |    19 ||    32
